details: 'oppressors'

« prev index next »

General information

Mini Map

Players

team 1
Random» UndeadGhostFox (red | 65 APM | 880 actions | 13:27)
Hero icon 4 Death Knight
Ability icon 2 Death Coil
Ability icon 2 Unholy Aura
Hero icon 1 Lich
Ability icon 1 Frost Nova

» actions
Assign group hotkey14
Build / train42
Enter build submenu12
Enter hero's abilities submenu5
Give item / drop item3
Right click469
Select / deselect229
Select group hotkey70
Use ability36
880 total
» units
Acolyte8
Ghoul5
Crypt Fiend6
19 total
» upgrades
Creature Carapace2
Creature Attack1
Web1
4 total
» buildings
Graveyard1
Crypt1
Altar of Darkness1
Ziggurat6
Tomb of Relics1
Nerubian Tower1
Halls of the Dead3
Sacrificial Pit1
Spirit Tower3
18 total
» build order
00:17 Graveyard
00:22 Crypt
00:43 Altar of Darkness
00:57 Ziggurat
01:11 Tomb of Relics
02:00 Ziggurat
02:32 Nerubian Tower
03:46 Ziggurat
04:33 Halls of the Dead
04:33 Halls of the Dead
04:34 Halls of the Dead
05:36 Ziggurat
07:35 Sacrificial Pit
09:20 Ziggurat
10:03 Ziggurat
10:17 Spirit Tower
10:30 Spirit Tower
11:23 Spirit Tower
» items
Rod of Necromancy2
Scroll of Town Portal1
3 total
UndeadRay.Allen (blue | 36 APM | 487 actions | 13:27)
Hero icon 3 Dreadlord
Ability icon 2 Sleep
Ability icon 1 Vampiric Aura
Hero icon 1 Death Knight
Ability icon 1 Death Coil

» actions
Build / train67
Enter build submenu20
Enter hero's abilities submenu4
Give item / drop item1
Right click198
Select / deselect145
Use ability52
487 total
» units
Acolyte13
Ghoul7
Crypt Fiend16
36 total
» upgrades
Web1
Burrow1
Creature Attack1
Creature Carapace1
4 total
» buildings
Crypt1
Graveyard1
Altar of Darkness1
Ziggurat10
Tomb of Relics1
Spirit Tower9
Halls of the Dead2
Necropolis1
Black Citadel2
Sacrificial Pit1
Boneyard2
31 total
» build order
00:24 Crypt
00:29 Graveyard
00:55 Altar of Darkness
01:05 Ziggurat
01:21 Ziggurat
01:57 Tomb of Relics
02:53 Ziggurat
02:57 Ziggurat
03:02 Ziggurat
04:14 Ziggurat
04:22 Ziggurat
04:24 Ziggurat
05:19 Spirit Tower
05:19 Spirit Tower
05:29 Spirit Tower
05:45 Spirit Tower
05:45 Spirit Tower
06:04 Spirit Tower
06:12 Spirit Tower
06:18 Ziggurat
06:26 Ziggurat
06:51 Halls of the Dead
06:51 Halls of the Dead
07:21 Spirit Tower
07:29 Spirit Tower
08:54 Necropolis
09:31 Black Citadel
09:31 Black Citadel
09:56 Sacrificial Pit
13:19 Boneyard
13:25 Boneyard
» items
Rod of Necromancy4
Sacrificial Skull1
5 total
OrcBIG_BOPPER4 (pink | 76 APM | 1020 actions | 13:27)
Hero icon 3 Blademaster
Ability icon 2 Wind Walk
Ability icon 1 Critical Strike

» actions
Basic commands5
Build / train32
Enter build submenu19
Enter hero's abilities submenu3
Right click728
Select / deselect201
Use ability32
1020 total
» units
Peon11
Grunt4
Tauren4
19 total
» upgrades
Armor1
Shaman Training2
Pulverize1
4 total
» buildings
Altar of Storms1
Orc Burrow8
Barracks1
Stronghold1
War Mill1
Great Hall1
Fortress1
Watch Tower2
Spirit Lodge1
Voodoo Lounge1
Tauren Totem3
21 total
» build order
00:19 Altar of Storms
00:27 Orc Burrow
00:39 Barracks
01:45 Orc Burrow
02:24 Orc Burrow
03:15 Stronghold
03:57 War Mill
05:42 Great Hall
05:49 Fortress
05:55 Watch Tower
06:00 Orc Burrow
06:34 Spirit Lodge
06:51 Watch Tower
07:48 Voodoo Lounge
08:13 Tauren Totem
08:16 Tauren Totem
09:03 Tauren Totem
11:19 Orc Burrow
11:21 Orc Burrow
11:38 Orc Burrow
12:04 Orc Burrow
» items
Circlet of Nobility1
Healing Salve1
2 total
NightElfsnpr4858 (orange | 36 APM | 482 actions | 13:27)
Hero icon 4 Keeper of the Grove
Ability icon 1 Force of Nature
Ability icon 2 Thorns Aura
Ability icon 1 Entangling Roots

» actions
Basic commands10
Build / train48
Enter build submenu13
Enter hero's abilities submenu4
Right click248
Select / deselect132
Use ability27
482 total
» units
Wisp13
Archer11
Hippogryph8
32 total
» upgrades
Improved Bows1
Hippogryph Taming1
Strength of the Moon2
Moon Armor2
Ultravision1
Strength of the Wild1
Reinforced Hides1
9 total
» buildings
Moon Well5
Altar of Elders1
Ancient of War1
Tree of Ages1
Ancient of Wind2
Hunter's Hall1
Tree of Life1
Ancient of Wonders1
13 total
» build order
00:15 Moon Well
00:21 Altar of Elders
00:52 Moon Well
01:41 Ancient of War
02:22 Tree of Ages
03:08 Moon Well
05:00 Ancient of Wind
05:06 Ancient of Wind
05:47 Moon Well
06:48 Moon Well
07:44 Hunter's Hall
08:03 Tree of Life
09:00 Ancient of Wonders
» items
Scroll of Speed1
1 total
team 2
Orcslim_charles (purple | 108 APM | 1435 actions | 13:18)
Hero icon 3 Blademaster
Ability icon 2 Wind Walk
Ability icon 1 Critical Strike

» actions
Assign group hotkey45
Basic commands102
Build / train39
ESC pressed1
Enter build submenu14
Enter hero's abilities submenu3
Right click616
Select / deselect139
Select group hotkey434
Use ability42
1435 total
» units
Peon8
Wind Rider7
Troll Batrider2
Tauren1
18 total
» upgrades
Ranged Weapons2
Reinforced Defenses1
3 total
» buildings
Altar of Storms1
Orc Burrow4
Voodoo Lounge1
War Mill1
Stronghold2
Beastiary2
Watch Tower1
Fortress2
Tauren Totem2
16 total
» build order
00:10 Altar of Storms
00:18 Orc Burrow
00:57 Voodoo Lounge
01:56 War Mill
02:16 Stronghold
02:16 Stronghold
02:42 Orc Burrow
03:35 Orc Burrow
04:39 Beastiary
04:42 Beastiary
04:56 Orc Burrow
05:35 Watch Tower
09:16 Fortress
09:16 Fortress
11:42 Tauren Totem
11:49 Tauren Totem
» items
Healing Salve3
Circlet of Nobility1
Scroll of Town Portal2
Scroll of Speed2
Orb of Lightning1
9 total
Random» Undeadonelifeonedeath (yellow | 27 APM | 350 actions | 13:10)
Hero icon 3 Dreadlord
Ability icon 2 Vampiric Aura
Ability icon 1 Sleep

» actions
Basic commands19
Build / train52
Enter build submenu16
Enter hero's abilities submenu3
Give item / drop item1
Right click102
Select / deselect125
Use ability32
350 total
» units
Acolyte8
Ghoul19
Meatwagon2
Necromancer2
Crypt Fiend1
32 total
» upgrades
Unholy Strength1
Cannibalize1
Web1
Skeletal Mastery1
Skeletal Longevity1
Necromancer Training1
6 total
» buildings
Graveyard1
Ziggurat9
Crypt1
Altar of Darkness1
Nerubian Tower2
Spirit Tower1
Necropolis2
Halls of the Dead1
Slaughterhouse1
Temple of the Damned1
Black Citadel2
22 total
» build order
01:06 Graveyard
01:11 Ziggurat
01:14 Crypt
01:20 Ziggurat
01:26 Altar of Darkness
01:45 Ziggurat
02:25 Nerubian Tower
02:26 Nerubian Tower
03:55 Spirit Tower
04:21 Necropolis
04:25 Necropolis
05:04 Halls of the Dead
07:41 Ziggurat
07:43 Ziggurat
07:44 Ziggurat
07:59 Slaughterhouse
08:16 Temple of the Damned
08:54 Black Citadel
08:55 Black Citadel
09:59 Ziggurat
10:24 Ziggurat
10:30 Ziggurat
» items
Boots of Speed1
Scroll of Speed1
2 total
HumanThe12GoldMiners (teal | 9 APM | 127 actions | 13:27)

» actions
Basic commands20
Build / train9
Enter build submenu1
Right click54
Select / deselect29
Use ability14
127 total
» units
Peasant9
9 total
» buildings
Lumber Mill1
1 total
» build order
12:47 Lumber Mill
Random» OrcGL_HF_SharePlz (green | 47 APM | 636 actions | 13:24)
Hero icon 3 Tauren Chieftain
Ability icon 1 Shockwave
Ability icon 2 Endurance Aura

» actions
Assign group hotkey5
Build / train30
Enter build submenu15
Enter hero's abilities submenu3
Right click297
Select / deselect88
Select group hotkey168
Use ability30
636 total
» units
Peon8
Grunt6
14 total
» upgrades
Spiked Barricades2
Melee Weapons1
Armor1
Shaman Training1
5 total
» buildings
Altar of Storms1
Orc Burrow4
War Mill1
Barracks2
Voodoo Lounge1
Watch Tower3
Stronghold1
Fortress1
Spirit Lodge1
Great Hall1
Tauren Totem1
17 total
» build order
00:28 Altar of Storms
00:43 Orc Burrow
00:57 Orc Burrow
01:20 War Mill
01:52 Barracks
02:14 Barracks
04:02 Voodoo Lounge
04:19 Watch Tower
04:33 Watch Tower
06:14 Orc Burrow
06:16 Stronghold
06:38 Orc Burrow
08:42 Fortress
08:49 Spirit Lodge
09:13 Great Hall
09:39 Watch Tower
11:17 Tauren Totem
» items
Potion of Lesser Invulnerability1
Scroll of Protection1
Scroll of Town Portal1
Orb of Lightning1
Scroll of Speed1
5 total

Chat log


(02:31 / Allies) GL_HF_SharePlz: hi team
(03:05 / Allies) slim_charles: we are 3v4

(04:56 / Allies) GL_HF_SharePlz: yeah we gotta play hard get maximuum units
(05:07 / All) The12GoldMiners: I do not share gold
(05:14 / All) The12GoldMiners: I am a peaceful miner saving for a rainy day
(05:18 / Allies) GL_HF_SharePlz: stfu
(05:22 / Allies) GL_HF_SharePlz: we not reading your text
(05:43 / All) The12GoldMiners: Yellow is an oppressive feudal lord, I do not wish to live under his yoke!
(05:53 / Allies) GL_HF_SharePlz: I'll got melee, meat and shams
(06:36 / All) The12GoldMiners: when I reach 500 gold I can purchase a sow to pay for my girlfriend Betsy's dowry
(06:40 / All) The12GoldMiners: We can finally be man and wife
(06:57 / Allies) GL_HF_SharePlz: -ignore The12goldminers
(07:04 / Allies) slim_charles: fight
(07:58 / All) The12GoldMiners: Green licks the anus holes of his oppressors, and smells of elderberries!

(09:30 / All) The12GoldMiners: Green is a plow horse short of a stable!
(09:31 / Allies) slim_charles: come hit now
(09:35 / Allies) slim_charles: right now
(09:48 / Allies) GL_HF_SharePlz: hit and run
(10:12 / All) The12GoldMiners: Green dines with rich lords, and then afterwards licks up the mud on their boots with his mouth!

(12:13 / All) The12GoldMiners: I WILL DIE ON MY FEET
(12:20 / All) The12GoldMiners: RATHER THAN KNEEL TO YOU OPPRESSOR
(12:28 / Allies) GL_HF_SharePlz: all TP
(13:01 / All) The12GoldMiners: KILL MULLIOCH
(13:05 / All) The12GoldMiners: I HAVE MORTALLY WOUNDED HM
(13:11 / All) The12GoldMiners: FINISH HIM!
(13:20 / Allies) GL_HF_SharePlz: uselesss
(13:26 / All) The12GoldMiners: Death to the oppressors!